 Dungeon Crawl Stone Soup version 0.30.1-9-gdf580d7c3d (webtiles) character file.

Game seed: 11146900466674983144

3875 eliilek the Basher (level 10, -10/89 HPs)
             Began as a Minotaur Fighter on Oct 5, 2023.
             Was an Elder of Dithmenos.
             Mangled by a yak (12 damage)
             ... on level 7 of the Dungeon.
             The game lasted 00:20:30 (6823 turns).

eliilek the Basher (Minotaur Fighter)               Turns: 6823, Time: 00:20:30

Health: -10/89     AC: 19    Str: 23    XL:     10   Next: 0%
Magic:  9/9        EV:  8    Int:  5    God:    Dithmenos [****..]
Gold:   277        SH:  6    Dex: 12    Spells: 9/9 levels left

rFire   . . .        a - +0 flail
rCold   . . .        c - +0 buckler
rNeg    . . .        m - +0 chain mail
rPois   +            (helmet restricted)
rElec   .            (no cloak)
rCorr   .            t - +0 pair of gloves
SInv    .            C - +2 pair of boots {rampage}
Will    .....        (no amulet) Stlth
                     v - ring of poison resistance
HPRegen 0.34/turn    l - +4 ring of protection
MPRegen 0.11/turn

%: rampage
@: wreathed by umbra
A: horns 2, retaliatory headbutt
a: Renounce Religion, Shadow Step


You were on level 7 of the Dungeon.
You worshipped Dithmenos.
Dithmenos was greatly pleased with you.
You visited 1 branch of the dungeon, and saw 8 of its levels.

You collected 398 gold pieces.
You spent 121 gold pieces at shops.

Inventory:

Hand Weapons
 a - a +0 flail (weapon)
Missiles
 d - 12 poisoned darts (quivered)
 B - 6 atropa-tipped darts
Armour
 c - a +0 buckler (worn)
 m - a +0 chain mail (worn)
 t - a +0 pair of gloves (worn)
 C - a +2 pair of boots of rampaging (worn)
Jewellery
 j - a ring of positive energy
 l - a +4 ring of protection (right hand)
 v - a ring of poison resistance (left hand)
 G - a ring of poison resistance
Wands
 w - a wand of flame (29)
 D - a wand of quicksilver (5)
Scrolls
 e - 3 scrolls of amnesia {unknown}
 f - a scroll of fear {unknown}
 h - 3 scrolls of noise {unknown}
 i - 2 scrolls of teleportation {unknown}
 k - a scroll of acquirement {unknown}
 o - 6 scrolls of identify
 r - a scroll of fog {unknown}
 s - a scroll of poison {unknown}
 y - a scroll of enchant armour {unknown}
 E - a scroll of enchant weapon {unknown}
Potions
 b - 2 potions of flight
 g - 2 potions of mutation {unknown}
 n - a potion of ambrosia
 p - 2 potions of brilliance {unknown}
 q - 2 potions of lignification {unknown}
 u - a potion of degeneration {unknown}
 x - 4 potions of curing
 z - a potion of resistance {unknown}
 A - a potion of attraction {unknown}
 F - 2 potions of might


   Skills:
 + Level 8.3 Fighting
 * Level 10.9 Maces & Flails
 + Level 8.4 Armour
 + Level 9.2 Shields


You had 9 spell levels left.
You didn't know any spells.
Your spell library contained the following spells:

 Spells                   Type           Power      Damage    Failure   Level
 Kiss of Death            Conj/Necr      0%         2d5       96%         1
 Ensorcelled Hibernation  Hex/Ice        0%         N/A       99%         2
 Passwall                 Tmut/Erth      0%         N/A       99%         2
 Sublimation of Blood     Necr           0%         N/A       99%         2
 Confusing Touch          Hex            0%         N/A       100%        3
 Inner Flame              Hex/Fire       0%         N/A       100%        3
 Swiftness                Air            0%         N/A       100%        3
 Dispel Undead            Necr           0%         3d6       100%        4
 Flame Wave               Conj/Fire      0%         2d4       100%        4
 Petrify                  Tmut/Erth      0%         N/A       100%        4
 Sticky Flame             Conj/Fire      0%         2d3       100%        4
 Fireball                 Conj/Fire      0%         3d3       100%        5
 Irradiate                Conj/Tmut      0%         3d11      100%        5
 Iskenderun's Battlesphe  Conj           0%         2d6       100%        5
 Yara's Violent Unravell  Hex/Tmut       0%         3d3       100%        5
 Conjure Ball Lightning   Conj/Air       0%         3x3d6     100%        6
 Enfeeble                 Hex            0%         N/A       100%        7
 Orb of Destruction       Conj           0%         9d5       100%        7


Dungeon Overview and Level Annotations

Branches:
Dungeon (8/15)             Temple (0/1) D:6
   Lair: D:8-11

Altars:
Ashenzari
Cheibriados
Dithmenos
Makhleb
Trog
Vehumet
Wu Jian

Shops:
D:4 *[[*

Annotations:
D:7 2 transporters, Ironcache's ghost, novice SpHu


Innate Abilities, Weirdness & Mutations

You have a pair of horns on your head.
You reflexively headbutt those who attack you in melee.


Message History

The yak is almost dead.
The yak misses you. You furiously retaliate!
You headbutt the yak. The yak gores you! The yak gores you but does no damage.
The yak gores you! The yak gores you but does no damage. The yak gores you!
* * * LOW HITPOINT WARNING * * *
You climb upwards.
Level annotation: 2 transporters, Ironcache's ghost, novice SpHu
There is a stone staircase leading down here.
You barely miss the yak. Your headbutt misses the yak.
The yak is almost dead.
The yak gores you but does no damage. The yak closely misses you.
The yak gores you but does no damage.
You hit the yak.
You kill the yak!
Dithmenos accepts your kill.
The yak gores you but does no damage. x2
You have reached level 10!
You hit the yak.
The yak is moderately wounded.
The yak closely misses you. The yak gores you but does no damage.
You closely miss the yak.
The yak is moderately wounded.
The yak gores you.
* * * LOW HITPOINT WARNING * * *
The yak closely misses you.
You hit the yak. You headbutt the yak.
The yak is severely wounded.
The yak gores you.
* * * LOW HITPOINT WARNING * * *
The yak gores you but does no damage.
You closely miss the yak. You headbutt the yak, but do no damage.
The yak is severely wounded.
You hit the yak. Your headbutt misses the yak.
The yak is severely wounded.
The yak gores you!
* * * LOW HITPOINT WARNING * * *
The yak gores you.
* * * LOW HITPOINT WARNING * * *
The yak attacks as you move away! The yak gores you!
You die...

#### ###...####...###...#....#
...# ###..)###.(###≈..###.#....#
##)####....#...)...##....##..#..#
#..##.≈..##..####..##..~.##.#..#
##.....~##.†##..##..##≈...#.....
###~...#..##≈).§##..#...~#.#..#
#.~~.#8.#..##..#.8#.≈~(#.#...
#...~#..#≈..†.≈#..#~...###.##
#^..~#..#≈.⌠@Y≈#..#~...###...
#.~~.#8.#.†##Y.#.8#)~~.#..###
#~...#..##≈).≈##......≈##.###
#...~##...#..##..##≈...#.....
##.≈..##..####..##..~.###....
##....##.....^##....##.#.##.
###..~###..###...###..#'##.
###########...####...###.###.....
.......# ###......####..# #.....


You could see 2 yaks.

Vanquished Creatures
  Pikel (D:4)
  A troll (D:7)
  3 yaks
  A wyvern (D:7)
  A water moccasin (D:7)
  An ice beast (D:5)
  Duvessa (D:4)
  A black bear (D:7)
  A sky beast (D:5)
  2 ogres
  A lemure (D:4)
  Blork the orc (D:6)
  A phantom (D:5)
  3 bullfrogs (D:7)
  A kobold brigand (D:6)
  2 scorpions (D:5)
  2 wights
  Dowan (D:4)
  3 killer bees (D:7)
  2 gnoll boudas
  8 hounds
  5 orc priests
  5 iguanas
  6 jellies
  Ijyb (D:4)
  Terence (D:2)
  3 orc wizards
  A sleepcap (D:5)
  Robin (D:3)
  5 gnolls
  9 adders
  2 shadow imps (D:7)
  A white imp (D:7)
  An ufetubus (D:5)
  6 worms
  2 dart slugs
  16 orcs
  10 endoplasms
  4 giant cockroaches
  10 goblins
  7 hobgoblins
  6 jackals
  11 kobolds
  3 quokkas
  6 ball pythons
  5 bats
  3 frilled lizards
  10 rats
178 creatures vanquished.

Notes
Turn   | Place    | Note
-------+----------+-------------------------------------------
     0 | D:1      | eliilek the Minotaur Fighter began the quest for the Orb.
     0 | D:1      | Reached XP level 1. HP: 19/19 MP: 0/0
    94 | D:1      | Reached XP level 2. HP: 27/27 MP: 1/1
   105 | D:1      | Reached skill level 3 in Maces & Flails
   231 | D:1      | Found a faded altar of an unknown god.
   234 | D:1      | Prayed at the altar of an unknown god.
   234 | D:1      | Became a worshipper of Dithmenos the Shadowed
   234 | D:1      | Reached * piety under Dithmenos
   474 | D:1      | Reached XP level 3. HP: 33/33 MP: 2/2
   763 | D:2      | Noticed Terence
   913 | D:2      | Killed Terence
  1021 | D:2      | Reached XP level 4. HP: 40/40 MP: 3/3
  1213 | D:2      | Reached ** piety under Dithmenos
  1713 | D:3      | Noticed Robin
  1732 | D:3      | Killed Robin
  1733 | D:3      | Reached skill level 4 in Maces & Flails
  2010 | D:3      | Identified the +2 spear "Zoigriar" {holy, rElec}
  2112 | D:3      | Found an ornate altar of the Wu Jian Council.
  2180 | D:3      | Reached skill level 5 in Shields
  2270 | D:3      | Found a faded altar of an unknown god.
  2393 | D:3      | Found a burning altar of Makhleb.
  2440 | D:4      | Found Viofanoc's Antique Armour Shop.
  2443 | D:4      | Bought a pair of gloves for 121 gold pieces
  2468 | D:4      | Noticed a lemure
  2488 | D:4      | Killed a lemure
  2509 | D:4      | Reached XP level 5. HP: 38/46 MP: 4/4
  2573 | D:4      | Noticed Pikel
  2577 | D:4      | Noticed a lemure
  2578 | D:4      | Noticed a lemure
  2579 | D:4      | Noticed a lemure
  2586 | D:4      | Killed Pikel
  2587 | D:4      | Reached skill level 5 in Fighting
  2587 | D:4      | Reached skill level 5 in Maces & Flails
  2587 | D:4      | Reached skill level 5 in Armour
  2587 | D:4      | Reached XP level 6. HP: 49/56 MP: 5/5
  2587 | D:4      | Reached XP level 7. HP: 54/61 MP: 6/6
  2591 | D:4      | Found Vesset's Armour Shop.
  2677 | D:4      | Found a broken altar of Ashenzari.
  2677 | D:4      | Noticed Dowan
  2678 | D:4      | Noticed Duvessa
  2685 | D:4      | Reached skill level 6 in Maces & Flails
  2703 | D:4      | Killed Duvessa
  2978 | D:4      | Killed Dowan
  3026 | D:4      | Noticed Ijyb
  3038 | D:4      | Killed Ijyb
  3082 | D:4      | Found Zoroid's Assorted Antiques.
  3328 | D:4      | Found Ugijem's Assorted Antiques.
  3738 | D:5      | Entered Level 5 of the Dungeon
  3798 | D:5      | Reached skill level 7 in Maces & Flails
  3798 | D:5      | Reached XP level 8. HP: 70/70 MP: 7/7
  3961 | D:5      | Reached *** piety under Dithmenos
  4143 | D:5      | Found a bloodstained altar of Trog.
  4143 | D:5      | Found a snail-covered altar of Cheibriados.
  4641 | D:5      | Reached skill level 8 in Maces & Flails
  4970 | D:6      | Noticed Blork the orc
  4995 | D:6      | Killed Blork the orc
  4996 | D:6      | Reached skill level 9 in Maces & Flails
  4996 | D:6      | Reached XP level 9. HP: 79/79 MP: 8/8
  4999 | D:6      | Found a staircase to the Ecumenical Temple.
  5157 | D:6      | Reached **** piety under Dithmenos
  5742 | D:7      | Found a transporter.
  5746 | D:7      | Found a transporter.
  5746 | D:7      | Noticed Ironcache's ghost (novice SpHu)
  5750 | D:7      | Noticed a queen bee
  6070 | D:7      | Noticed a troll
  6110 | D:7      | Reached skill level 10 in Maces & Flails
  6246 | D:7      | Found a radiant altar of Vehumet.
  6762 | D:7      | Killed a troll
  6818 | D:7      | Reached XP level 10. HP: 21/89 MP: 9/9
  6822 | D:7      | HP: 3/89 [yak (12)]
  6823 | D:7      | Mangled by a yak

Illustrated notes

Levels and vault maps discovered:
D:1:      dpeg_arrival_lava_temple_mockup, layout_rooms,
          shapermc_ecumenical_altar_mp_vishouse
D:2:      layout_loops_corners, uniq_terence
D:3:      layout_basic, nicolae_overflow_ecumenical_swirl,
          pdpol_wu_jian_five_deadly_venoms, uniq_robin
D:4:      layout_loops_ring, lemuel_crystal_altar, serial_shops,
          nicolae_shop_hallway_stairs, nicolae_stop_n_shop_2, shop,
          nicolae_shop_hallway_plus, uniq_duvessa, uniq_pikel, uniq_ijyb
D:5:      minmay_bubble_buster, layout_loops_ring,
          gammafunk_temple_overflow_statue
D:6:      layout_rooms, minmay_temple_entry_overgrown, nicolae_eternal_life,
          uniq_blork_the_orc
D:7:      layout_basic, fiery_altar_vehumet, gammafunk_ghost_hive,
          kennysheep_nondescript, nzn_random_ring, uniq_crazy_yiuf_cottage
D:8:      layout_loops_cross, kennysheep_little_box, serial_shops, shop,
          nicolae_shop_peninsula, nicolae_square_shop, minmay_starry_boxes

Skill      XL: |  1  2  3  4  5  6  7  8  9 |
---------------+----------------------------+-----
Maces & Flails | 3 4 5 7 9 10 | 10.9
Shields        | 4 5 6 7 8 9 |  9.2
Fighting       | 4 5 7 8 |  8.3
Armour         | 4 5 7 8 |  8.4

Action                     |  1- 3 |  4- 6 |  7- 9 | 10-12 || total
---------------------------+-------+-------+-------+-------++-------
  Melee: Flail             |    95 |   103 |   366 |     5 ||   569
         Headbutt          |    10 |    15 |    62 |     2 ||    89
  Throw: Dart              |       |     6 |       |       ||     6
    Use: Potion            |     1 |       |     1 |       ||     2
         Scroll            |       |       |     1 |       ||     1
 Armour: Scale mail        |    36 |     4 |       |       ||    40
         Chain mail        |       |    57 |   186 |     2 ||   245
  Dodge: Dodged            |    51 |    46 |   151 |     2 ||   250
  Block: Buckler           |    26 |    36 |    98 |       ||   160
